 Dungeon Crawl Stone Soup version 0.27-a0-1529-g1e82c303ef (webtiles) character file.

Game seed: 4154862438262422349

235 blackman the Chopper (level 6, 0/43 HPs)
             Began as a Human Wanderer on July 11, 2021.
             Was a Believer of Nemelex Xobeh.
             Slain by Pikel (8 damage)
             ... on level 5 of the Dungeon.
             The game lasted 00:26:44 (8465 turns).

blackman the Chopper (Human Wanderer)               Turns: 8465, Time: 00:26:44

Health: 0/43       AC:  3    Str: 13    XL:     6   Next: 27%
Magic:  9/9        EV: 11    Int: 11    God:    Nemelex Xobeh [**....]
Gold:   200        SH:  0    Dex: 15    Spells: 5/9 levels left

rFire    . . .     SeeInvis .   q - +0 fustibalus (vorpal)
rCold    . . .     Faith    +   (no shield)
rNeg     . . .     Spirit   .   c - +0 robe
rPois    .         Reflect  .   i - +0 helmet
rElec    .         Harm     .   (no cloak)
rCorr    .         Rampage  .   (no gloves)
Will     .....                  (no boots)
Stlth    ++........             b - amulet of faith
HPRegen  0.14/turn              (no ring)
MPRegen  0.11/turn              (no ring)

@: no status effects
A: no striking features
a: Renounce Religion, Draw Escape, Draw Destruction, Draw Summoning


You were on level 5 of the Dungeon.
You worshipped Nemelex Xobeh.
Nemelex Xobeh was pleased with you.
You visited 1 branch of the dungeon, and saw 5 of its levels.

You collected 200 gold pieces.

Inventory:

Hand Weapons
 a - a +2 dagger
 e - a +1 dagger of protection
 p - a +0 falchion
 q - a +0 vorpal fustibalus (weapon)
 v - a +0 hand axe
Missiles
 g - 12 poisoned darts
 k - 42 arrows
 r - 27 stones (quivered ammo)
Armour
 c - a +0 robe (worn)
 h - a +1 plate armour
 i - a +0 helmet (worn)
Jewellery
 b - an amulet of faith (around neck)
Scrolls
 m - a scroll of amnesia
 o - 3 scrolls of enchant armour
Potions
 d - a potion of degeneration {unknown}
 n - a potion of flight {unknown}
 s - a potion of might {unknown}
 w - a potion of brilliance {unknown}


   Skills:
 - Level 1.0 Fighting
 - Level 3.7 Axes
 + Level 1.4(1.6) Slings
 - Level 1.0(1.4) Throwing
 - Level 2.0 Armour
 - Level 0.7 Dodging
 - Level 1.0 Stealth
 - Level 2.0 Spellcasting
 - Level 1.0 Translocations
 * Level 3.4 Ice Magic
 - Level 1.0 Earth Magic


You had 5 spell levels left.
You knew the following spells:

 Your Spells              Type           Power      Damage    Failure   Level
a - Freeze                Ice            32%        1d5       7%          1
b - Frozen Ramparts       Ice            16%        1d3       22%         3

Your spell library contained the following spells:

 Spells                   Type           Power      Damage    Failure   Level
 Sting                    Tmut/Pois      4%         1d3       28%         1
 Spider Form              Tmut/Pois      0%         N/A       65%         3


Dungeon Overview and Level Annotations

Branches:
Dungeon (5/15)
 Temple: D:4-7

Altars:
Nemelex Xobeh
The Shining One

Annotations:
D:4 Blork the orc
D:5 Pikel


Message History

Casting: Frozen Ramparts (quite dangerous; 22% risk of failure)
Confirm with . or Enter, or press ? or * to list all spells.
The spell is quite dangerous to cast (22% risk of failure)!
Continue anyway?
Uppercase [Y]es or [N]o only, please.
The spell is quite dangerous to cast (22% risk of failure)!
Continue anyway?
Casting: Frozen Ramparts (quite dangerous; 22% risk of failure)
Press: ? - help, Dir - look around, f - activate A stone staircase leading up.
Okay, then.
Unknown command.
As you read the scroll labelled VULEEC AROOKLE, it crumbles to dust.
It is a scroll of brand weapon.
Your +0 fustibalus emits a brilliant flash of light!
q - a +0 vorpal fustibalus (weapon)
Pikel hits you with a +2 whip of freezing.
Pikel freezes you.
You draw a card...
You have drawn the Elixir.
You begin rapidly regenerating health and magic.
Pikel hits you with a +2 whip of freezing.
Pikel freezes you. The lemure closely misses you.
You draw a card...
You have drawn the Elements.
The deck of cards glows slightly and disappears.
The lemure hits you but does no damage.
Pikel hits you with a +2 whip of freezing!
Pikel freezes you. The lemure hits you. x2
Okay, then.
You draw a card...
You have drawn the Elixir.
You begin rapidly regenerating health and magic.
The deck of cards glows slightly and disappears.
The lemure hits you! The lemure hits you.
Your catoblepas breathes a plume of calcifying dust at the lemure.
The blast of calcifying dust hits the lemure.
Your polar bear bites Pikel.
Your polar bear claws Pikel but does no damage. x2
The lemure is engulfed in calcifying dust.
The lemure is moving more slowly.
The lemure hits you.
* * * LOW HITPOINT WARNING * * *
Pikel hits you with a +2 whip of freezing!
You die...
Your body disappears without a glow.

## ###.#
#######...#
..........#
..........#
.......5.h#
.....Y55K.#
......§@..#
......59.##
.......§##
....s..§#
.......##
......#
.....#
.....


You could see Pikel (ally target), 4 lemures, a scorpion, a friendly catoblepas
(summoned), a friendly polar bear (summoned) and a friendly molten gargoyle
(summoned).

Vanquished Creatures
  A scorpion (D:4)
  A hound (D:4)
  An orc wizard (D:2)
  4 adders
  An ufetubus (D:4)
  3 dart slugs
  4 worms
  3 orcs (D:3)
  6 ball pythons
  4 endoplasms
  5 giant cockroaches
  9 hobgoblins
  4 jackals
  5 kobolds
  A quokka (D:3)
  5 bats
  A frilled lizard (D:2)
  6 goblins
  3 rats
67 creatures vanquished.

Vanquished Creatures (others)
  A plant (D:1)
1 creature vanquished.

Grand Total: 68 creatures vanquished

Notes
Turn   | Place    | Note
-------+----------+-------------------------------------------
     0 | D:1      | blackman the Human Wanderer began the quest for the Orb.
     0 | D:1      | blackman set off with the following items: a +2 dagger, a
                  | potion of heal wounds, a +0 robe; and the following spells
                  | available to memorise: Freeze, Sting, Frozen Ramparts,
                  | Spider Form
     0 | D:1      | Reached XP level 1. HP: 15/15 MP: 2/2
   233 | D:1      | Found a faded altar of an unknown god.
   237 | D:1      | Reached XP level 2. HP: 21/21 MP: 3/3
   260 | D:1      | Became a worshipper of Nemelex Xobeh the Trickster
   260 | D:1      | Reached * piety under Nemelex Xobeh
   599 | D:1      | Received a gift from Nemelex Xobeh
   980 | D:1      | Reached XP level 3. HP: 25/26 MP: 4/4
  2637 | D:2      | Reached ** piety under Nemelex Xobeh
  4356 | D:2      | Received a gift from Nemelex Xobeh
  4459 | D:2      | Reached XP level 4. HP: 28/32 MP: 4/6
  5656 | D:3      | Learned a level 1 spell: Freeze
  6457 | D:2      | Reached skill level 1 in Ice Magic
  6457 | D:2      | Reached XP level 5. HP: 3/37 MP: 6/8
  7666 | D:3      | Found a glowing golden altar of the Shining One.
  7864 | D:3      | Learned a level 3 spell: Frozen Ramparts
  7919 | D:4      | Noticed Blork the orc
  8070 | D:4      | Reached skill level 1 in Slings
  8070 | D:4      | Reached XP level 6. HP: 23/43 MP: 2/9
  8461 | D:5      | Entered Level 5 of the Dungeon
  8461 | D:5      | Noticed Pikel
  8465 | D:5      | Slain by Pikel

Illustrated notes

Levels and vault maps discovered:
D:1:      amcnicky_arrival_underground_garden, layout_basic,
          dreamdust_ecumenical_altar_grove, minmay_octomino_e4
D:2:      layout_loops_corners, chequers_serial_rivers_micro_c
D:3:      layout_loops_ring, amcnicky_altar_gilded
D:4:      layout_rooms, uniq_blork_the_orc
D:5:      layout_cave_pods, minmay_temple_entry_waves, uniq_pikel,
          uniq_eustachio, uniq_crazy_yiuf_cottage

Skill      XL: |  1  2  3  4  5 |
---------------+----------------+-----
Axes           | 3 |  3.7
Spellcasting   | 2 |  2.0
Ice Magic      | 1 3 |  3.4
Slings         | 1 |  1.4
Fighting       | |  1.0
Throwing       | |  1.0
Armour         | |  2.0
Dodging        | |  0.7
Stealth        | |  1.0
Translocations | |  1.0
Earth Magic    | |  1.0

Action                   |  1- 3 |  4- 6 || total
-------------------------+-------+-------++-------
Melee: Dagger            |   155 |   102 ||   257
       Unarmed           |       |    34 ||    34
 Fire: Fustibalus        |       |    30 ||    30
Throw: Dart              |    22 |       ||    22
 Cast: Freeze            |       |    29 ||    29
       Frozen Ramparts   |       |     2 ||     2
Invok: Draw Destruction  |     6 |     3 ||     9
       Draw Escape       |       |     2 ||     2
       Draw Summoning    |       |     1 ||     1
  Use: Scroll            |       |     7 ||     7
       Potion            |       |     3 ||     3
 Stab: Sleeping          |     3 |     2 ||     5
Armor: Robe              |     8 |    34 ||    42
       Plate armour      |    50 |    51 ||   101
       Skin              |       |    10 ||    10
Dodge: Dodged            |    37 |    69 ||   106

Table legend: (Time is in decaauts)
 A = Elapsed time spent in this place.
 B = Non-inter-level travel time spent in this place.
 C = Inter-level travel time spent in this place.
 D = Time resting spent in this place.
 E = Time spent auto-exploring this place.
 F = Levels seen in this place.
 G = Mean time per level.
                   A        B        C        D        E       F      G
               +--------+--------+--------+--------+--------+-----+--------+
         Total |   8473 |   8033 |    440 |   4222 |   2799 |   5 | 1694.6 |
       Dungeon |   8473 |   8033 |    440 |   4222 |   2799 |   5 | 1694.6 |
               +--------+--------+--------+--------+--------+-----+--------+

Top non-repeatable levels by time:
     D:2: 3819 daAuts
     D:3: 2257 daAuts
     D:1: 1807 daAuts
     D:4: 585 daAuts
     D:5: 3 daAuts
